 Dungeon Crawl Stone Soup version 0.18.1-48-g4cf74bf (webtiles) character file.

4040 tyranidshit the Reanimator (level 10, -10/75 HPs)
             Began as a Deep Dwarf Necromancer on July 8, 2016.
             Was a Follower of Makhleb.
             Killed from afar by Maurice (11 damage)
             ... with a wand of lightning
             ... on level 8 of the Dungeon.
             The game lasted 00:50:26 (5666 turns).

tyranidshit the Reanimator (Deep Dwarf Necromancer) Turns: 5666, Time: 00:50:27

Health: -10/75     AC: 10    Str: 18    XL:     10   Next: 4%
Magic:  3/17       EV: 12    Int: 22    God:    Makhleb [*.....]
Gold:   0          SH:  0    Dex: 19    Spells: 3 memorised, 17 levels left

rFire  . . .     SeeInvis .     B - +3 scimitar "Oxouqiku" {slice, rF- MR+ Str+5 Dex+4}
rCold  . . .     Gourm    +     f - +3 leather armour {rF+}
rNeg   . . .     Faith    .     (no shield)
rPois  .         Spirit   .     E - +0 helmet
rElec  .         Dismiss  .     K - +0 cloak
rCorr  .         Reflect  .     y - +0 pair of gloves
SustAt .         Harm     .     x - +0 pair of boots (curse)
MR     ++...     Rnd*Tele +     u - amulet of the gourmand
Stlth  ++........               (no ring)
                                D - ring of Waist {*Tele Int+4 Dex+2}

@: non-regenerating, very resistant to hostile enchantments, unstealthy
A: damage resistance, recharge devices, sense surroundings 2, slow regeneration
3
a: Device Recharging, Renounce Religion


You were on level 8 of the Dungeon.
You worshipped Makhleb.
Makhleb was aware of your devotion.
You were not hungry.

You visited 2 branches of the dungeon, and saw 9 of its levels.
You also visited: Sewer and Ossuary.

Inventory:

Hand Weapons
 j - a +2 dagger of flaming
 k - a +0 hand axe
 r - a +0 arbalest
 B - the +3 scimitar "Oxouqiku" (weapon) {slice, rF- MR+ Str+5 Dex+4}
   (You found it on level 5 of the Dungeon)

   It inflicts extra damage upon your enemies.
   It affects your strength (+5).
   It affects your dexterity (+4).
   It makes you vulnerable to fire.
   It affects your resistance to hostile enchantments.
 J - a +3 quarterstaff of chaos
Missiles
 s - 11 poisoned needles
Armour
 a - a +0 robe
 f - a +3 leather armour of fire resistance (worn)
 x - a cursed +0 pair of boots (worn)
 y - a +0 pair of gloves (worn)
 E - a +0 helmet (worn)
 K - a +0 cloak (worn)
Jewellery
 e - an uncursed ring of sustain attributes
 u - an amulet of the gourmand (around neck)
 D - the ring of Waist (left hand) {*Tele Int+4 Dex+2}
   (You found it on level 5 of the Dungeon)

   [ring of teleportation]

   It may teleport you next to monsters.
   It affects your intelligence (+4).
   It affects your dexterity (+2).
Wands
 c - a wand of heal wounds (0/9)
 m - a wand of slowing (26/48)
Scrolls
 d - 2 scrolls of fog
 g - 3 scrolls of fear
 o - 3 scrolls of identify
 F - a scroll of teleportation
 H - a scroll of remove curse {unknown}
 L - 2 scrolls of enchant armour
Potions
 h - 5 potions of curing {unknown}
 i - 5 potions of flight {unknown}
 l - 2 potions of degeneration {unknown}
 p - 3 potions of heal wounds
 t - a potion of might {unknown}
 w - 2 potions of mutation {unknown}
 z - a potion of cancellation {unknown}
 I - a potion of ambrosia {unknown}
Books
 b - a book of Necromancy

   Spells                             Type                      Level
   a - Pain                           Necromancy                   1
   b - Animate Skeleton               Necromancy                   1
   c - Vampiric Draining              Necromancy                   3
   d - Regeneration                   Charms/Necromancy            3
   e - Animate Dead                   Necromancy                   4
   f - Control Undead                 Necromancy                   4
 v - a book of Spatial Translocations

   Spells                             Type                      Level
   a - Apportation                    Translocation                1
   b - Blink                          Translocation                2
   c - Shroud of Golubria             Charms/Translocation         2
   d - Portal Projectile              Translocation                3
   e - Teleport Other                 Translocation                3
   f - Passage of Golubria            Translocation                4
Comestibles
 n - 2 bread rations
 q - a slice of pizza
 A - 5 fruits
 G - a meat ration


   Skills:
 - Level 2.1 Dodging
 - Level 2.4 Stealth
 + Level 7.1 Spellcasting
 * Level 13.2 Necromancy


You had 17 spell levels left.
You knew the following spells:

 Your Spells              Type           Power        Failure   Level  Hunger
a - Pain                  Necr           ####         1%          1    None
b - Vampiric Draining     Necr           ######....   1%          3    None
c - Blink                 Tloc           N/A          17%         2    None


Dungeon Overview and Level Annotations

Branches:
Dungeon (8/15)             Temple (1/1) D:6
   Lair: D:8-11

Altars:
Ashenzari
Cheibriados
Dithmenos
Fedhas
Kikubaaqudgha
Makhleb
Nemelex Xobeh
Okawaru
Pakellas
Ru
Sif Muna
Vehumet
Xom
Yredelemnul
Zin
The Shining One

Annotations:
D:5 1 runed door
D:8 Maurice


Innate Abilities, Weirdness & Mutations

You are resistant to damage.
You can recharge devices by infusing magical energy.
You passively map the area around you.
You do not regenerate naturally.


Message History

Deactivating autopickup; reactivate with Ctrl-A.
You barely miss something. Something hits you.
* * * LOW HITPOINT WARNING * * *
Something steals your 15 poisoned needles!
Something hits you but does no damage.
You miss something.
You hear some strange, mumbled words.
You miss something.
You hear a zap.
A bolt of lightning appears from out of thin air!
The bolt of lightning hits you!
* * * LOW HITPOINT WARNING * * *
You miss something. Something hits you but does no damage. Something hits you.
* * * LOW HITPOINT WARNING * * *
Something steals your +3 dagger of chaos!
You closely miss something.
You hear a zap.
A bolt of lightning appears from out of thin air!
The bolt of lightning hits you!
You die...

#.#.., # #.........^
#.#.# ,
#.#..........*#.#.# , ,
* ##.#......... #.#.# ,
* * #..........#####.#.#
* #..........#.......# *
#..........#.......####
#.....ยง.<..#...........
#.....@....#...........
#..........#......)....
#..........#...........
#..........#...........
#..........)...........
#..........#####.#.####
#..........# #.#.#
####.#.....# #.#.#
#.#.....#


There were no monsters in sight!

Vanquished Creatures
  Erolcha (D:8)
  Pikel (D:5)
  Grinder (D:4)
  An orc warrior (D:6)
  Purgy (Sewer)
  2 ice beasts (D:6)
  A centaur (D:7)
  6 ogres
  A giant frog (D:7)
  4 scorpions
  7 howler monkeys
  A centaur zombie (D:5)
  4 crimson imps (D:5)
  2 hounds
  2 jellies
  2 giant frog skeletons
  An orc priest (D:4)
  Crazy Yiuf (D:6)
  3 orc wizards
  2 iguanas
  Natasha (thrice) (D:3)
  11 worker ants
  A killer bee zombie (D:3)
  A hound skeleton (D:6)
  2 mummies (D:4)
  A howler monkey skeleton (D:5)
  13 adders
  2 oozes
  An adder skeleton (D:6)
  A worm (D:2)
  3 dart slugs
  6 giant geckos
  15 orcs
  5 giant cockroaches
  4 goblins
  5 hobgoblins
  3 jackals
  4 quokkas
  5 ball pythons
  5 bats
  8 giant newts
  A hobgoblin zombie (Ossuary)
  A jackal skeleton (D:4)
  3 kobolds
  3 kobold zombies (Ossuary)
  2 orc zombies (Ossuary)
  A quokka zombie (D:4)
  3 rats
  A rat zombie (D:4)
158 creatures vanquished.

Vanquished Creatures (others)
  A quokka skeleton (D:5)
1 creature vanquished.

Grand Total: 159 creatures vanquished

Notes
Turn   | Place    | Note
--------------------------------------------------------------
     0 | D:1      | tyranidshit the Deep Dwarf Necromancer began the quest for the Orb.
     0 | D:1      | Reached XP level 1. HP: 15/15 MP: 3/3
    54 | D:1      | You fall through a shaft!
   112 | D:2      | Found a glowing golden altar of the Shining One.
   251 | D:2      | Reached XP level 2. HP: 8/22 MP: 0/4
   278 | D:1      | Reached skill level 5 in Necromancy
   390 | D:1      | Reached XP level 3. HP: 18/28 MP: 0/6
   475 | D:1      | Learned a level 3 spell: Vampiric Draining
  1163 | D:3      | Reached XP level 4. HP: 21/36 MP: 0/7
  1356 | D:3      | Found a glowing drain.
  1367 | Sewer    | Entered a sewer
  1452 | Sewer    | Noticed Purgy
  1517 | Sewer    | Killed Purgy
  1517 | Sewer    | Reached skill level 6 in Necromancy
  1517 | Sewer    | Reached XP level 5. HP: 14/42 MP: 0/9
  1731 | D:3      | Noticed Natasha
  1742 | D:3      | Killed Natasha
  1754 | D:3      | Noticed Natasha
  1811 | D:3      | Killed Natasha
  1811 | D:3      | Reached skill level 7 in Necromancy
  1831 | D:3      | Found a blossoming altar of Fedhas.
  1899 | D:3      | Reached XP level 6. HP: 33/49 MP: 6/10
  2033 | D:3      | Noticed Natasha
  2037 | D:3      | Killed Natasha
  2229 | D:4      | Found a sand-covered staircase.
  2247 | Ossuary  | Entered an ossuary
  2318 | D:4      | HP: 1/49 [mummy (11)]
  2374 | D:4      | Noticed Grinder
  2383 | D:4      | Paralysed by Grinder for 4 turns
  2428 | D:4      | Found an oddly glowing altar of Pakellas.
  2492 | D:4      | Reached skill level 8 in Necromancy
  2863 | D:4      | Found an iron altar of Okawaru.
  2865 | D:4      | Found a shadowy altar of Dithmenos.
  2928 | D:4      | Reached XP level 7. HP: 47/55 MP: 3/11
  3174 | D:5      | Entered Level 5 of the Dungeon
  3265 | D:5      | Found a runed door.
  3274 | D:5      | Found a runed door.
  3591 | D:5      | Reached skill level 9 in Necromancy
  3648 | D:5      | Found a shimmering altar of Xom.
  3693 | D:5      | Got a polished scimitar
  3695 | D:5      | Identified the +3 scimitar "Oxouqiku" {slice, rF- MR+ Str+5 Dex+4} (You found it on level 5 of the Dungeon)
  3778 | D:5      | Noticed Pikel
  3789 | D:5      | Killed Pikel
  3789 | D:5      | Reached skill level 5 in Spellcasting
  3789 | D:5      | Reached skill level 10 in Necromancy
  3789 | D:5      | Reached XP level 8. HP: 40/62 MP: 0/13
  4015 | D:5      | Got a flickering brass ring
  4021 | D:5      | Identified the ring of Waist {*Tele Int+4 Dex+2} (You found it on level 5 of the Dungeon)
  4284 | D:4      | Killed Grinder
  4284 | D:4      | Reached skill level 11 in Necromancy
  4491 | D:5      | HP: 2/62 [orc/flail (8)]
  4596 | D:6      | Found a staircase to the Ecumenical Temple.
  4612 | Temple   | Entered the Ecumenical Temple
  4623 | Temple   | Became a worshipper of Makhleb the Destroyer
  4647 | D:6      | Gained mutation: You passively map the area around you. [Deep Dwarf growth]
  4647 | D:6      | Reached XP level 9. HP: 63/68 MP: 5/14
  4651 | D:6      | Learned a level 2 spell: Blink
  4705 | D:6      | Found a deep blue altar of Sif Muna.
  5027 | D:6      | Noticed Crazy Yiuf
  5036 | D:6      | Killed Crazy Yiuf
  5156 | D:7      | Reached skill level 12 in Necromancy
  5308 | D:7      | Found a shattered altar of Ashenzari.
  5389 | D:7      | Reached * piety under Makhleb
  5596 | D:8      | Noticed Erolcha
  5609 | D:8      | Noticed Maurice
  5620 | D:8      | Killed Erolcha
  5620 | D:8      | Reached skill level 13 in Necromancy
  5620 | D:8      | Reached XP level 10. HP: 15/75 MP: 0/17
  5664 | D:8      | HP: 2/75 [something/wand of lightning (12)]
  5666 | D:8      | Killed from afar by Maurice

Skill      XL: |  1  2  3  4  5  6  7  8  9 |
---------------+----------------------------+-----
Spellcasting   | 2 3 5 7 |  7.1
Necromancy     | 5 6 7 8 10 11 13 | 13.2
Dodging        | |  2.1
Stealth        | |  2.4

Action                   |  1- 3 |  4- 6 |  7- 9 | 10-12 || total
-------------------------+-------+-------+-------+-------++-------
Melee: Unarmed           |    24 |       |       |       ||    24
       Dagger            |    33 |   235 |    82 |       ||   350
       Scimitar          |       |       |   196 |    21 ||   217
 Cast: Pain              |    36 |    11 |    22 |       ||    69
       Vampiric Draining |    13 |    33 |    72 |     2 ||   120
       Blink             |       |       |     1 |       ||     1
 Abil: Device Recharging |       |     1 |     2 |       ||     3
Evoke: Wand              |     1 |     8 |     7 |       ||    16
  Use: Scroll            |     5 |     2 |     5 |       ||    12
 Stab: Sleeping          |       |     1 |       |       ||     1
  Eat: Bread ration      |     1 |     1 |     2 |       ||     4
       Chunk             |       |     2 |       |       ||     2
       Beef jerky        |       |     1 |       |       ||     1
       Meat ration       |       |       |     1 |       ||     1
Armor: Robe              |    11 |       |       |       ||    11
       Leather armour    |    14 |   140 |   180 |    14 ||   348
Dodge: Dodged            |    74 |   239 |   282 |    10 ||   605
